 BcadrenCrawl: Boulder Brew version 0.06-688-g08e91b2d95 (webtiles) character file.

Game seed: 18354021587709242687

450 pipel the Twirler (level 6, 0/57 HPs) Deep Elf Chaos Knight. Began on Jan 5, 2023. Was a Plaything of Xom. Succumbed to a big kobold's poison ... on level 2 of the Dungeon. The game lasted 00:07:42 (1522 turns).

pipel the Twirler (Deep Elf Chaos Knight)           Turns: 1522, Time: 00:07:43

Health: 0/57       AC: 10    Str: 10    XL:     6 ^: 89
Magic:  8/8        EV: 14    Int: 17    God:    Xom [.....*]
Gold:   52         SH:  0    Dex: 15    Spells: 5/5 levels left

rFire    x . .     Slash    x   b - +0 mace
rCold    x . .     Pierce   .     - Unarmed
rNeg     . . .     Bludgeon .   k - +2 leather armour
rCorr    . . .     Vision   .   (no helmet)
rPois    +         Gourm    .   (no cloak)
rElec    x         Faith    .   (no gloves)
MR       .....     Spirit   .   (no boots)
HPRegen  0.29/turn Reflect  .   m - amulet of chaos
MPRegen  0.18/turn Harm     .   i - ring of protection (curse) {(Curse: Int-3)}
Stlth    ++........             (no ring)

@: lethally poisoned (0 -> -7)
A: soft flesh
a: Renounce Religion


You were on level 2 of the Dungeon.
You worshipped Xom.
You were Xom's teddy bear.
You were hungry.

You visited 1 branch of the dungeon, and saw 2 of its levels.

You collected 52 gold pieces.

Inventory:

Weapons
 a - a +0 mace of chaos
 b - a +0 mace (weapon) Shields
 g - a cursed +2 heater shield of protection {(Curse: *Corrode)}
Armour
 j - a +0 plate armour
 k - a +2 leather armour (worn)
 n - a cursed +0 helmet {(Curse: rC-)}
Jewellery
 i - a cursed ring of protection (left hand) {(Curse: Int-3)}
 m - an amulet of chaos (around neck)
 o - an uncursed ring of ice
Scrolls
 d - a scroll of silence
 e - a scroll of fog
 h - a scroll of fear
 l - a scroll of immolation
Potions
 f - a potion of brilliance
 p - a potion of magic
Comestibles
 c - 2 rations


   Skills:
 + Level 3.3 Fighting
 + Level 4.8 Maces & Staves
 + Level 2.8 Armour
 + Level 4.2 Dodging
 - Level 1.4 Stealth
 + Level 1.3 Unarmed Combat


You had 5 spell levels left.
You didn't know any spells.
Your spell library was empty.

Dungeon Overview and Level Annotations

Branches:
Dungeon (2/8)

Altars:


Innate Abilities, Weirdness & Mutations

Your soft flesh is weak to deep cuts.
Heavy manmade armour will nullify this weakness. (rSlashing-)


Message History

You feel sick. (2)
* * * LOW HITPOINT WARNING * * *
You feel sick. (1)
Found a potion of mutation.
Okay, then.
* * * LOW HITPOINT WARNING * * *
You feel sick. (2)
* * * LOW HITPOINT WARNING * * *
You feel sick. (1)
* * * LOW HITPOINT WARNING * * *
You feel sick. (2)
* * * LOW HITPOINT WARNING * * *
You feel sick. (1)
The sewer rat bites you (5).
* * * LOW HITPOINT WARNING * * *
* * * LOW HITPOINT WARNING * * *
You feel sick. (1)
The sewer rat closely misses you.
You die...
Xom chuckles heartily!

##≈≈#≈##.≈#
##≈§......≈# #
#≈.#≈K.≈≈.##
###.#≈.######## .
#≈.≈≈..#≈.≈#### ..
#≈.≈≈.≈r...#≈≈##...
#≈≈####..l.........
#≈. #.≈r.........
#. ##P..@....... #
##..!..#≈.P.
#≈.#.≈## ###
#≈..#### .....≈
≈...#≈# #.≈.## ###


You could see a cinder newt and 2 sewer rats.

Vanquished Creatures
  Purgy (D:2)
  A water moccasin (D:2)
  A howler monkey (D:2)
  2 giant cockroaches (D:2)
  3 adders
  7 sewer rats
  2 cinder newts (D:2)
  3 oozes
  2 leopard geckos
  2 goblins (D:1)
  4 hobgoblins (D:1)
  2 kobolds (D:1)
  3 bats (D:1)
33 creatures vanquished.

Vanquished Creatures (collateral kills)
  3 sewer rats (D:2)
3 creatures vanquished.

Vanquished Creatures (others)
  An adder (D:2)
  A worm (D:2)
  A leopard gecko (D:2)
  A goblin (D:2)
  3 kobolds (D:2)
  3 slimeheads (D:2)
  109 withered plants (D:2)
119 creatures vanquished.

Grand Total: 155 creatures vanquished

Notes
Turn   | Place    | Note
-------+----------+-------------------------------------------
     0 | D:1      | pipel the Deep Elf Chaos Knight began the quest for the
                  | Orb.
     0 | D:1      | Reached XP level 1. HP: 21/21 MP: 3/3
    27 | D:1      | XOM: silly message
   176 | D:1      | XOM: silly message
   181 | D:1      | Reached XP level 2. HP: 20/28 MP: 4/4
   644 | D:1      | Reached skill level 1 in Armour
   759 | D:2      | Noticed Purgy
   764 | D:2      | XOM: fog
   766 | D:2      | Reached XP level 3. HP: 33/36 MP: 5/5
   791 | D:2      | Killed Purgy
   791 | D:2      | Reached skill level 1 in Stealth
   791 | D:2      | Reached XP level 4. HP: 13/43 MP: 6/6
   791 | D:2      | Reached XP level 5. HP: 15/50 MP: 7/7
   838 | D:1      | XOM: summons 3 hostile demons
  1083 | D:2      | Noticed a water moccasin
  1089 | D:2      | XOM: summons 4 hostile shadow creatures
  1093 | D:2      | Killed a water moccasin
  1093 | D:2      | Reached skill level 1 in Unarmed Combat
  1093 | D:2      | Reached XP level 6. HP: 42/57 MP: 8/8
  1116 | D:2      | XOM: noise
  1148 | D:2      | XOM: summons 4 hostile demons
  1180 | D:2      | XOM: destruction
  1192 | D:2      | XOM: polymorph jelly -> howler monkey
  1351 | D:2      | XOM: summons 2 friendly demons
  1361 | D:2      | XOM: 3-stop teleportation journey
  1520 | D:2      | HP: 2/57 [sewer rat (5)]
  1522 | D:2      | Succumbed to a big kobold's poison

Illustrated notes

Levels and vault maps discovered:
D:1:      lemuel_arrival_broad_hall, layout_cave_pools
D:2:      layout_sewer, elyvilon_niche, minmay_misc_feat_plants,
          minmay_misc_feat_room, uniq_purgy, uniq_robin

Skill      XL: |  1  2  3  4  5  6 |
---------------+-------------------+-----
Armour         | 1 2 |  2.8
Fighting       | 3 |  3.3
Maces & Staves | 4 |  4.8
Dodging        | 3 4 |  4.2
Stealth        | 1 |  1.4
Unarmed Combat | 1 |  1.3

Action                   |  1- 3 |  4- 6 || total
-------------------------+-------+-------++-------
Melee: Mace              |    80 |    93 ||   173
       Unarmed           |    65 |    79 ||   144
Throw: Stone             |       |     1 ||     1
  Use: Potion            |     1 |       ||     1
 Stab: Confused          |     3 |       ||     3
       Petrifying        |     1 |       ||     1
  Eat: Chunk             |       |     2 ||     2
Armor: Leather armour    |    62 |    68 ||   130
Dodge: Dodged            |    25 |    61 ||    86
